 Dungeon Crawl Stone Soup version 0.32-a0-350-g4f4d228785 (webtiles) character file.

Game seed: 4863820558961324783

3529 anacleto the Mimic (level 9, -8/87 HPs)
             Began as a Troll Shapeshifter on Feb 17, 2024.
             Succumbed to orange demon's concentrated venom
             ... on level 8 of the Dungeon.
             The game lasted 00:12:50 (4951 turns).

anacleto the Mimic (Troll Shapeshifter)             Turns: 4951, Time: 00:12:50

Health: -8/87      AC:  4    Str: 28    XL:     9   Next: 82%
Magic:  8/8        EV: 16    Int:  6    God:
Gold:   219        SH:  0    Dex:  9    Spells: 8/8 levels left

rFire   + .          .
                       - Unarmed
rCold   . . .        (no shield)
rNeg    . . .        a - +0 animal skin
rPois   .            e - melded +0 hat
rElec   .            (cloak currently unavailable)
rCorr   .            (gloves unavailable)
SInv    .            (boots unavailable)
Will    .....        (no amulet)
Stlth   +            P - +5 ring of evasion
HPRegen 1.14/turn    C - ring of protection from fire
MPRegen 0.11/turn

%: no passive effects
@: lethally poisoned (-8 -> -42), beast-form, weakened, slowed, very slow
A: beast (slay +4), large, unfitting armour, claws 3, regeneration 1, shaggy fur
1, tough skin 1
a: Begin Untransformation


You were on level 8 of the Dungeon.
You were a hulking beast.
You visited 1 branch of the dungeon, and saw 8 of its levels.

You collected 320 gold pieces.
You spent 101 gold pieces at shops.

Inventory:

Missiles
 i - 7 boomerangs (quivered)
 q - 2 poisoned darts
 A - 3 curare-tipped darts
 N - 5 large rocks
Armour
 a - a +0 animal skin (worn)
 e - a +0 hat (melded)
Jewellery
 g - a ring of willpower
 l - a +6 ring of dexterity
 w - a ring of fire
 C - a ring of protection from fire (right claw)
 L - an amulet of faith
 M - a ring of positive energy
 P - a +5 ring of evasion (left claw)
Talismans
 c - a beast talisman (active)
 d - a flux talisman
Wands
 o - a wand of polymorph (17)
 D - a wand of charming (13)
 E - a wand of iceblast (9)
Scrolls
 h - 4 scrolls of identify
 k - a scroll of immolation
 n - a scroll of noise {unknown}
 p - a scroll of vulnerability {unknown}
 s - a scroll of torment {unknown}
 t - 2 scrolls of poison {unknown}
 u - a scroll of enchant armour {unknown}
 x - 2 scrolls of blinking {unknown}
 y - a scroll of fear {unknown}
 z - 3 scrolls of amnesia {unknown}
 G - 2 scrolls of enchant weapon {unknown}
 H - a scroll of brand weapon {unknown}
 I - 2 scrolls of teleportation {unknown}
 J - a scroll of fog {unknown}
 Q - a scroll of revelation {unknown}
Potions
 b - 2 potions of lignification
 f - 2 potions of attraction
 j - a potion of enlightenment {unknown}
 m - a potion of heal wounds {unknown}
 r - 5 potions of curing
 v - a potion of berserk rage {unknown}
 B - 2 potions of degeneration {unknown}
 F - 2 potions of cancellation {unknown}
 K - a potion of mutation {unknown}
 O - 2 potions of might


   Skills:
 + Level 4.8 Fighting
 + Level 4.4 Throwing
 + Level 5.1 Dodging
 + Level 6.4 Unarmed Combat
 * Level 8.3 Shapeshifting


You had 8 spell levels left.
You didn't know any spells.
Your spell library contained the following spells:

 Spells                   Type           Power      Damage    Failure   Level
 Apportation              Tloc           0%         N/A       45%         1
 Necrotise                Necr           0%         1d4       45%         1
 Sting                    Conj/Alch      0%         1d3       45%         1
 Summon Small Mammal      Summ           0%         N/A       45%         1
 Blink                    Tloc           0%         N/A       58%         2
 Ensorcelled Hibernation  Hex/Ice        0%         N/A       58%         2
 Mercury Vapours          Alch/Air       0%         N/A       58%         2
 Call Canine Familiar     Summ           0%         N/A       83%         3
 Mephitic Cloud           Conj/Alch/Air  0%         N/A       83%         3
 Sigil of Binding         Hex            0%         N/A       83%         3
 Dimensional Bullseye     Hex/Tloc       0%         N/A       99%         4
 Freezing Cloud           Conj/Ice/Air   0%         6-21      100%        5
 Dispersal                Tloc           0%         N/A       100%        6
 Sculpt Simulacrum        Ice/Alch       0%         N/A       100%        6


Dungeon Overview and Level Annotations

Branches:
Dungeon (8/15)             Temple (0/1) D:4
   Lair: D:8-11

Altars:
Cheibriados
Dithmenos
Gozag
Sif Muna

Shops:
D:5 *(:   D:6 [

Annotations:
D:6 2 runed translucent doors, scarr's ghost, novice MDMo
D:8 Prince Ribbit


Innate Abilities, Weirdness & Mutations

You are a hulking beast.
Your limbs bulge with bestial killing power. (Slay +4)
You are too large for most types of armour.
You have claws for hands.
Your natural rate of healing is unusually fast.
You are covered in fur. (AC +1)
You have tough skin. (AC +1)


Message History

You claw Amaemon!
Amaemon is almost dead.
You feel sick. The orange demon barely misses you.
Amaemon hits you with a -2 demon whip of venom!
You are more poisoned.
Amaemon claws you. Amaemon barely misses you.
You closely miss Amaemon.
Amaemon is almost dead.
You feel very sick. The orange demon misses you.
Amaemon casts a spell at the orange demon.
The orange demon's venom grows more potent.
You barely miss Amaemon.
Amaemon is almost dead.
You feel very sick.
You claw Amaemon! You claw Amaemon.
You kill Amaemon!
You feel very sick. The orange demon stings you from afar.
You are more poisoned.
You have difficulty breathing.
You feel yourself slow down.
Your Dodging skill increases to level 5!
Your Shapeshifting skill increases to level 8!
You feel extremely sick. The orange demon misses you.
The orange demon stings you from afar.
You are lethally poisoned!
You have difficulty breathing.
You feel as though you will be slow longer.
* * * LOW HITPOINT WARNING * * *
You feel extremely sick. The orange demon stings you!
* * * LOW HITPOINT WARNING * * *
The orange demon hits you.
* * * LOW HITPOINT WARNING * * *
You feel your attacks grow feeble.
Prince Ribbit comes into view.
You see here a -2 demon whip of venom.
You barely miss the orange demon.
The orange demon is heavily wounded.
You die...

#.......#.#
#.#.#
####.####.#
#.#.#
#.####.###.#.#
#..........#.#
######.#####.#
### #.# ....
#.# .... #.#
#..#h##
#..4..#
##.#........
#F#......#. #
######.# #


You could see an orange demon (curare) and Prince Ribbit (wandering).

Vanquished Creatures
  Amaemon (D:8)
  A cyclops (D:7)
  A shadow (D:6)
  Sigmund (D:2)
  2 steam dragons
  Menkaure (D:4)
  An ice beast (D:6)
  A sky beast (D:7)
  2 ogres
  A bullfrog (D:7)
  4 scorpions
  8 wights
  2 howler monkeys
  A bombardier beetle (D:3)
  An orc priest (D:4)
  3 hounds
  3 jellies
  Ijyb (D:4)
  3 iguanas
  5 orc wizards
  Natasha (D:3)
  3 adders
  4 gnolls (D:3)
  A shadow imp (D:5)
  A white imp (D:7)
  3 ufetubi (D:6)
  4 dart slugs
  A ribbon worm (D:4)
  25 orcs
  8 ball pythons
  8 endoplasms
  4 giant cockroaches
  5 goblins
  7 hobgoblins
  2 quokkas
  8 bats
  4 frilled lizards
  8 kobolds
  6 rats
146 creatures vanquished.

Vanquished Creatures (others)
  A white imp (D:8)
1 creature vanquished.

Grand Total: 147 creatures vanquished

Notes
Turn   | Place    | Note
-------+----------+-------------------------------------------
     0 | D:1      | anacleto the Troll Shapeshifter began the quest for the
                  | Orb.
     0 | D:1      | Reached XP level 1. HP: 18/18 MP: 0/0
    71 | D:1      | Reached skill level 1 in Fighting
    82 | D:1      | Reached XP level 2. HP: 27/27 MP: 1/1
   218 | D:1      | Got the Codex of Distance and Hail
   294 | D:1      | Reached XP level 3. HP: 33/33 MP: 2/2
   801 | D:2      | Noticed Sigmund
   836 | D:2      | Killed Sigmund
   837 | D:2      | Reached skill level 4 in Shapeshifting
   837 | D:2      | Reached XP level 4. HP: 35/42 MP: 3/3
   837 | D:2      | Reached XP level 5. HP: 41/49 MP: 4/4
  1274 | D:3      | Found an opulent altar of Gozag.
  1429 | D:3      | Noticed Natasha
  1434 | D:3      | Killed Natasha
  1435 | D:3      | Reached XP level 6. HP: 54/57 MP: 5/5
  1769 | D:3      | Found a shadowy altar of Dithmenos.
  1769 | D:3      | Found a shimmering blue altar of Sif Muna.
  2059 | D:4      | Reached skill level 5 in Shapeshifting
  2114 | D:4      | Noticed Menkaure
  2130 | D:4      | Killed Menkaure
  2131 | D:4      | Reached skill level 1 in Throwing
  2131 | D:4      | Reached XP level 7. HP: 37/66 MP: 6/6
  2267 | D:4      | Found a staircase to the Ecumenical Temple.
  2302 | D:4      | Found a snail-covered altar of Cheibriados.
  2435 | D:4      | Noticed Ijyb
  2450 | D:4      | Killed Ijyb
  2608 | D:5      | Entered Level 5 of the Dungeon
  2819 | D:5      | Found Tuxum's Assorted Antiques.
  2821 | D:5      | Found Quqauw's Weapon Shop.
  2823 | D:5      | Found Qaucoz's Book Boutique.
  2881 | D:5      | Bought a fizzy black potion for 23 gold pieces
  2881 | D:5      | Bought a scroll labelled EMPAHU UCKAHIETI for 26 gold
                  | pieces
  2881 | D:5      | Bought a scroll labelled QEILUUKLEO for 26 gold pieces
  2881 | D:5      | Bought a scroll labelled IJALEA JUCHEO for 26 gold pieces
  2952 | D:5      | Reached skill level 6 in Shapeshifting
  2952 | D:5      | Reached XP level 8. HP: 75/75 MP: 7/7
  3450 | D:6      | Reached skill level 5 in Unarmed Combat
  3568 | D:6      | Found a runed translucent door.
  3571 | D:6      | Noticed scarr's ghost (novice MDMo)
  3746 | D:6      | Found a runed translucent door.
  3913 | D:6      | Found Puffaido's Armour Shop.
  3913 | D:6      | Found the +5 robe of Misfortune {Harm *Corrode *Slow EV+5}
  4216 | D:6      | Reached skill level 7 in Shapeshifting
  4372 | D:7      | Reached XP level 9. HP: 84/84 MP: 8/8
  4550 | D:7      | Noticed a cyclops
  4565 | D:7      | Killed a cyclops
  4935 | D:8      | Noticed Amaemon
  4936 | D:8      | Noticed an orange demon
  4948 | D:8      | Killed Amaemon
  4949 | D:8      | Reached skill level 5 in Dodging
  4949 | D:8      | Reached skill level 8 in Shapeshifting
  4950 | D:8      | HP: 4/87 [orange demon[Amaemon] (6)]
  4950 | D:8      | Noticed Prince Ribbit
  4951 | D:8      | Succumbed to orange demon's concentrated venom

Illustrated notes

Levels and vault maps discovered:
D:1:      amcnicky_arrival_single_pillar, layout_basic
D:2:      layout_rooms, uniq_sigmund
D:3:      layout_basic, mainiacjoe_overflow_small_starburst,
          amethyst_overflow_temple_binary, kennysheep_cluttered_room,
          serial_bayou_pond_c, uniq_natasha
D:4:      layout_cave_pools, mainiacjoe_overflow_alcove_2,
          minmay_temple_entry_proselytizer, uniq_ijyb, uniq_menkaure
D:5:      layout_basic, nrook_pool_corridor, nicolae_wooded_promenade,
          uniq_crazy_yiuf_cottage
D:6:      cheibrodos_two_vegetables, layout_loops_ring, serial_shops, shop,
          ebering_ghost_sewer_f
D:7:      layout_cave_pools, serial_glass, glass_columns_a, glass_columns_a,
          minmay_strange_pillars, minmay_strange_pillars
D:8:      layout_loops_ring, jmf_multi_god_temple, xom_shifter_show,
          serial_shops, nicolae_shop_hallway_stairs, uniq_prince_ribbit1,
          uniq_amaemon, uniq_pikel

Skill      XL: |  1  2  3  4  5  6  7  8  9 |
---------------+----------------------------+-----
Fighting       | 1 2 3 4 |  4.8
Dodging        | 2 3 4 5 |  5.1
Shapeshifting  | 4 5 6 7 8 |  8.3
Unarmed Combat | 4 5 6 |  6.4
Throwing       | 1 2 3 4 |  4.4

Action                     |  1- 3 |  4- 6 |  7- 9 || total
---------------------------+-------+-------+-------++-------
  Melee: Unarmed           |    72 |    77 |   190 ||   339
         Punch             |       |       |    11 ||    11
  Throw: Boomerang         |       |       |    27 ||    27
         Dart              |       |       |     1 ||     1
Ability: Begin Untransform |     1 |       |       ||     1
  Evoke: Wand              |       |       |     5 ||     5
    Use: Scroll            |       |     4 |       ||     4
         Potion            |       |     1 |     1 ||     2
   Stab: Sleeping          |     1 |     1 |     1 ||     3
 Armour: Animal skin       |    45 |    56 |   158 ||   259
  Dodge: Dodged            |    36 |    42 |   132 ||   210
   Form: Beast             |     1 |       |       ||     1

Table legend: (Time is in decaauts)
 A = Elapsed time spent in this place.
 B = Non-inter-level travel time spent in this place.
 C = Inter-level travel time spent in this place.
 D = Time resting spent in this place.
 E = Time spent auto-exploring this place.
 F = Levels seen in this place.
 G = Mean time per level.
                   A        B        C        D        E       F      G
               +--------+--------+--------+--------+--------+-----+--------+
         Total |   4925 |   4756 |    169 |     81 |   3373 |   8 |  615.6 |
       Dungeon |   4925 |   4756 |    169 |     81 |   3373 |   8 |  615.6 |
               +--------+--------+--------+--------+--------+-----+--------+

Top non-repeatable levels by time:
     D:6: 824 daAuts
     D:5: 791 daAuts
     D:3: 763 daAuts
     D:1: 680 daAuts
     D:7: 605 daAuts
     D:2: 582 daAuts
     D:4: 569 daAuts
     D:8: 108 daAuts
